 Dungeon Crawl Stone Soup version 0.24-a0-584-g9d6b971ae4 (webtiles) character file.

Game seed: 1054426723918405810, levelgen mode: deterministic

20 Mithandil the Skirmisher (level 2, -1/24 HPs)
             Began as a Demonspawn Abyssal Knight on Sept 3, 2019.
             Was a Follower of Lugonu.
             Slain by an adder (2 damage)
             ... on level 1 of the Dungeon.
             The game lasted 00:03:28 (600 turns).

Mithandil the Skirmisher (Demonspawn Abyssal Knight) Turns: 600, Time: 00:03:29

Health: -1/24      AC:  3    Str: 12    XL:     2   Next: 58%
Magic:  3/3        EV: 11    Int: 13    God:    Lugonu [*.....]
Gold:   43         SH:  0    Dex: 12    Spells: 1/1 levels left

rFire    . . .     SeeInvis .   a - +1 falchion
rCold    . . .     Gourm    +   (no shield)
rNeg     . . .     Faith    .   b - +0 leather armour
rPois    .         Spirit   .   (no helmet)
rElec    .         Reflect  .   (no cloak)
rCorr    .         Harm     .   (no gloves)
MR       .....                  (no boots)
Stlth    +.........             g - amulet of the gourmand
HPRegen  0.08/turn              (no ring)
MPRegen  0.08/turn              (no ring)

@: lethally poisoned (-1 -> -3), hasted, very quick
A: hooves 1
a: Depart the Abyss, Renounce Religion


You were on level 1 of the Dungeon.
You worshipped Lugonu.
Lugonu was aware of your devotion.
You were not hungry.

You visited 1 branch of the dungeon, and saw 2 of its levels.
You visited the Abyss 1 time.

You collected 43 gold pieces.

Inventory:

Hand Weapons
 a - a +1 falchion (weapon)
Missiles
 e - 39 stones (quivered)
 f - 29 bolts
Armour
 b - a +0 leather armour (worn)
Jewellery
 g - an amulet of the gourmand (around neck)
Scrolls
 d - 4 scrolls of identify
 h - a scroll of amnesia {unknown}
Comestibles
 c - 3 rations


   Skills:
 + Level 3.1 Fighting
 * Level 2.1 Long Blades
 + Level 1.9 Armour
 + Level 1.1 Dodging
 + Level 0.4 Stealth
 + Level 0.4 Unarmed Combat
 + Level 2.6 Invocations


You had one spell level left.
You didn't know any spells.
Your spell library was empty.

Dungeon Overview and Level Annotations

Branches:
Dungeon (2/15)

Altars:


Innate Abilities, Weirdness & Mutations

You have large cloven feet.


Message History

The adder closely misses you.
You climb upwards.
* * * LOW HITPOINT WARNING * * *
You feel sick.
There is a stone staircase leading down here.
It was a potion of haste.
You feel yourself speed up. The adder bites you but does no damage.
You feel a craving for the dungeon's cuisine.
g - an amulet of the gourmand (around neck)
The adder bites you but does no damage.
You closely miss the adder.
The adder is lightly wounded.
The adder misses you.
You hit the adder but do no damage.
The adder is lightly wounded.
The adder bites you but does no damage.
You closely miss the adder.
The adder is lightly wounded.
The adder bites you.
You die...

.#..#####..#..##..
###......###....#####
..##.##..............
#.... ####.....#....#
##...# ##.###.####..
#..#.######..# ...
### #.##.#......##
###.# # #.##.#S######
# # ###.....@# #
#.....).#### #
###...)....#
#..#.###.# #..#)....#
#..#.##.##
#....#...####
#..#...#....#
#.##.#.####...#


You could see an adder.

Vanquished Creatures
  A dart slug (D:2)
  2 giant cockroaches
  3 goblins (D:1)
  2 hobgoblins (D:1)
  3 jackals
  2 bats (D:1)
  A frilled lizard (D:1)
  A kobold (D:1)
  A rat (D:1)
16 creatures vanquished.

Notes
Turn   | Place    | Note
-------+----------+-------------------------------------------
     0 | Abyss:1  | Mithandil the Demonspawn Abyssal Knight began the quest for
                  | the Orb.
     0 | Abyss:1  | Reached XP level 1. HP: 18/18 MP: 2/2
    23 | D:1      | Escaped the Abyss
   176 | D:1      | Reached skill level 1 in Dodging
   237 | D:1      | Gained mutation: You have large cloven feet. [demonic
                  | ancestry]
   237 | D:1      | Reached XP level 2. HP: 19/24 MP: 3/3
   284 | D:1      | HP: 1/24 [bat (1)]
   595 | D:1      | HP: 1/24 [poisoned by an adder]
   600 | D:1      | Slain by an adder

Levels and vault maps discovered:
D:1:      scummos_arrival_forest, layout_rooms, minmay_tromino_mix6
D:2:      lemuel_upstairs_altar, layout_basic, grunt_dithmenos_smoke_and_mirrors

Skill      XL: |  1 |
---------------+----+-----
Dodging        | 1 |  1.1
Long Blades    | 2 |  2.1
Fighting       | |  3.1
Armour         | |  1.9
Stealth        | |  0.4
Unarmed Combat | |  0.4
Invocations    | |  2.6

Action                   || total
-------------------------++-------
Melee: Falchion          ||    43
       Kick              ||     7
  Use: Potion            ||     4
       Scroll            ||     2
Armor: Leather armour    ||    23
Dodge: Dodged            ||    29
       Rpst.: Falchion   ||    10

Table legend:
 A = Non-vault XP
 B = Vault XP
 C = Vault XP percentage of total XP
 D = Non-vault monster count
 E = Vault monster count
 F = Vault count percentage of total count
                 A         B        C        D         E       F
            +---------+---------+-------+---------+---------+-------
      Total |      25 |       4 |  13.8 |      14 |       2 |  12.5
            +---------+---------+-------+---------+---------+-------
        D:1 |      15 |       4 |  21.1 |      10 |       2 |  16.7
        D:2 |      10 |       0 |   0.0 |       4 |       0 |   0.0
            +---------+---------+-------+---------+---------+-------
